BSA
JERSEY SHORE D-BAGS @ ST CHARLES SHEENS
03/30/2026
 
TOP OF THE 1ST
Jersey Shore D-Bags batting - Pitching for St Charles Sheens : RHP Gustavo Ramos
Pitching: RHP Gustavo Ramos
Batting: RHB Ricardo González 0-0: Ground out 6-3 (Groundball, 6)
Batting: RHB Millard Boyd 0-0: Foul Ball, location: 2F
0-1: Ball
1-1: DOUBLE (Groundball, 5L)
Batting: LHB Dave Dodd 0-0: SINGLE (Groundball, 56D)
Millard Boyd to third
Runner from 3rd tries for Home, SAFE, no throw or cutoff
Batting: LHB Dave Watt 0-0: Foul Ball, location: 2F
0-1: Fielders Choice at 2nd, 3-6 (Groundball, 3)
Batting: RHB Miguel Serna 0-0: Ball
1-0: Called Strike
1-1: Ball
2-1: Ball
3-1: DOUBLE (Flyball, 9LD)
Dave Watt to third
Runner from 3rd tries for Home, SAFE, no throw or cutoff
Batting: LHB Mike Bryant 0-0: Ball
1-0: Ball
2-0: Ball
3-0: Base on Balls
Batting: RHB Pedro Rodríguez 0-0: Ground out 1-3 (Groundball, 25)
Top of the 1st over - 2 run(s), 3 hit(s), 0 error(s), 2 left on base; Jersey Shore 2 - St Charles 0
BOTTOM OF THE 1ST
St Charles Sheens batting - Pitching for Jersey Shore D-Bags : RHP Roland Martin
Pitching: RHP Roland Martin
Batting: RHB Víctor Arredondo 0-0: Foul Ball, location: 2F
0-1: Ball
1-1: Ball
2-1: Foul Ball, location: 2F
2-2: Ball
3-2: Strikes out looking
Batting: RHB Kel Pierce 0-0: Called Strike
0-1: Ball
1-1: Swinging Strike
1-2: Strikes out swinging
Batting: RHB Dan Tyler 0-0: Called Strike
0-1: Called Strike
0-2: Ball
1-2: SINGLE (Groundball, 34)
Batting: SHB Theron Harper 0-0: Called Strike
0-1: Foul Ball, location: 2F
0-2: SINGLE (Line Drive, 8LS)
Dan Tyler to second
Runner from 2nd tries for 3rd, SAFE, throw made to third
Batting: LHB Jason Lambert 0-0: Ball
1-0: Swinging Strike
1-1: Called Strike
1-2: Strikes out swinging
Bottom of the 1st over - 0 run(s), 2 hit(s), 0 error(s), 2 left on base; Jersey Shore 2 - St Charles 0
TOP OF THE 2ND
Jersey Shore D-Bags batting - Pitching for St Charles Sheens : RHP Gustavo Ramos
Batting: RHB Wilson Martínez 0-0: Fly out, F8 (Flyball, 8LM)
Batting: RHB Owen Carter 0-0: Ball
1-0: Ball
2-0: Called Strike
2-1: Foul Ball, location: 2F
2-2: Ball
3-2: Strikes out swinging
Batting: RHB Ricardo González 0-0: Ball
1-0: Fly out, F3 (Line Drive, 3)
Top of the 2nd over - 0 run(s), 0 hit(s), 0 error(s), 0 left on base; Jersey Shore 2 - St Charles 0
BOTTOM OF THE 2ND
St Charles Sheens batting - Pitching for Jersey Shore D-Bags : RHP Roland Martin
Batting: LHB Marcos Cantú 0-0: Ball
1-0: Foul Ball, location: 2F
1-1: Ball
2-1: Called Strike
2-2: Ball
3-2: Ground out 4-3 (Groundball, 4)
Batting: RHB Bill Little 0-0: Fly out, F3 (Popup, 23F)
Batting: LHB Dave Gray 0-0: Swinging Strike
0-1: Called Strike
0-2: Ball
1-2: Ball
2-2: Strikes out swinging
Bottom of the 2nd over - 0 run(s), 0 hit(s), 0 error(s), 0 left on base; Jersey Shore 2 - St Charles 0
TOP OF THE 3RD
Jersey Shore D-Bags batting - Pitching for St Charles Sheens : RHP Gustavo Ramos
Batting: RHB Millard Boyd 0-0: Ball
1-0: Fly out, F8 (Line Drive, 8LS)
Batting: LHB Dave Dodd 0-0: Ball
1-0: Called Strike
1-1: Swinging Strike
1-2: Ground out 4-3 (Groundball, 34)
Batting: LHB Dave Watt 0-0: Ball
1-0: Swinging Strike
1-1: Ball
2-1: Foul Ball, location: 2F
2-2: Ball
3-2: Fly out, F7 (Flyball, 7M)
Top of the 3rd over - 0 run(s), 0 hit(s), 0 error(s), 0 left on base; Jersey Shore 2 - St Charles 0
BOTTOM OF THE 3RD
St Charles Sheens batting - Pitching for Jersey Shore D-Bags : RHP Roland Martin
Batting: LHB Stan Bates 0-0: SINGLE (Groundball, 6MD)
Batting: RHB Víctor Arredondo 0-0: Called Strike
0-1: Grounds into double play, 6-4-3 (Groundball, 6M)
Batting: RHB Kel Pierce 0-0: Ball
1-0: Called Strike
1-1: Swinging Strike
1-2: Reached on error, E2 (Groundball, 2L)
Batting: RHB Dan Tyler 0-0: Foul Ball, location: 2F
0-1: Ground out 4-3 (Groundball, 4)
Bottom of the 3rd over - 0 run(s), 1 hit(s), 1 error(s), 1 left on base; Jersey Shore 2 - St Charles 0
TOP OF THE 4TH
Jersey Shore D-Bags batting - Pitching for St Charles Sheens : RHP Gustavo Ramos
Batting: RHB Miguel Serna 0-0: Fly out, F8 (Flyball, 8LD)
Batting: LHB Mike Bryant 0-0: Foul Ball, location: 2F
0-1: Ball
1-1: Fly out, F6 (Popup, 56D)
Batting: RHB Pedro Rodríguez 0-0: Ball
1-0: Ball
2-0: Foul Ball, location: 2F
2-1: Foul Ball, location: 2F
2-2: Foul Ball, location: 2F
2-2: Strikes out swinging
Top of the 4th over - 0 run(s), 0 hit(s), 0 error(s), 0 left on base; Jersey Shore 2 - St Charles 0
BOTTOM OF THE 4TH
St Charles Sheens batting - Pitching for Jersey Shore D-Bags : RHP Roland Martin
Batting: SHB Theron Harper 0-0: Ground out 1-3 (Groundball, 15S)
Batting: LHB Jason Lambert 0-0: Called Strike
0-1: Called Strike
0-2: Ball
1-2: Foul Ball, location: 2F
1-2: Ball
2-2: SINGLE (Line Drive, 8LS)
Batting: LHB Marcos Cantú 0-0: Ball
1-0: Foul Ball, location: 2F
1-1: Ball
2-1: Swinging Strike
2-2: Foul Ball, location: 2F
2-2: Ball
3-2: Foul Ball, location: 2F
3-2: DOUBLE (Line Drive, 8RD)
Jason Lambert to third
Batting: RHB Bill Little 0-0: SINGLE (Groundball, 34)
Jason Lambert scores
Marcos Cantú to third
Runner from 3rd tries for Home, SAFE, no throw or cutoff
Batting: LHB Dave Gray 0-0: Ball
1-0: Grounds into double play, 4-6-3 (Groundball, 4)
Bottom of the 4th over - 2 run(s), 3 hit(s), 0 error(s), 0 left on base; Jersey Shore 2 - St Charles 2
TOP OF THE 5TH
Jersey Shore D-Bags batting - Pitching for St Charles Sheens : RHP Gustavo Ramos
Pitching: RHP Ulric Duval
Batting: RHB Wilson Martínez 0-0: Ball
1-0: Swinging Strike
1-1: Ground out 4-3 (Groundball, 4)
Batting: RHB Owen Carter 0-0: Called Strike
0-1: Fly out, F4 (Line Drive, 4)
Batting: RHB Ricardo González 0-0: Ball
1-0: Ground out 6-3 (Groundball, 6D)
Top of the 5th over - 0 run(s), 0 hit(s), 0 error(s), 0 left on base; Jersey Shore 2 - St Charles 2
BOTTOM OF THE 5TH
St Charles Sheens batting - Pitching for Jersey Shore D-Bags : RHP Roland Martin
Pitching: RHP John Hall
Batting: LHB Stan Bates 0-0: Ball
1-0: Ground out 5-3 (Groundball, 5)
Batting: RHB Víctor Arredondo 0-0: Called Strike
0-1: Ball
1-1: Called Strike
1-2: Foul Ball, location: 2F
1-2: Ground out 6-3 (Groundball, 6MS)
Batting: RHB Kel Pierce 0-0: Ball
1-0: Ball
2-0: Ball
3-0: Swinging Strike
3-1: SINGLE (Line Drive, 9LS)
Batting: RHB Dan Tyler 0-0: Ball
1-0: SINGLE (Line Drive, 9S)
Kel Pierce to second
Runner from 2nd tries for 3rd, SAFE, no throw or cutoff
Batting: SHB Theron Harper 0-0: Ball
1-0: Fly out, F7 (Flyball, 78M)
Bottom of the 5th over - 0 run(s), 2 hit(s), 0 error(s), 2 left on base; Jersey Shore 2 - St Charles 2
TOP OF THE 6TH
Jersey Shore D-Bags batting - Pitching for St Charles Sheens : RHP Ulric Duval
Batting: RHB Millard Boyd 0-0: Called Strike
0-1: Foul Ball, location: 2F
0-2: Ball
1-2: Ball
2-2: Strikes out swinging
Batting: LHB Dave Dodd 0-0: Ball
1-0: Ball
2-0: Foul Ball, location: 2F
2-1: Ball
3-1: Swinging Strike
3-2: Base on Balls
Batting: LHB Dave Watt 0-0: Ball
1-0: Foul Ball, location: 2F
1-1: Ball
2-1: Called Strike
2-2: Strikes out swinging
Pitching: LHP Shan Liu
Batting: RHB Miguel Serna 0-0: Ball
1-0: Called Strike
1-1: Fly out, F9 (Flyball, 89M)
Top of the 6th over - 0 run(s), 0 hit(s), 0 error(s), 1 left on base; Jersey Shore 2 - St Charles 2
BOTTOM OF THE 6TH
St Charles Sheens batting - Pitching for Jersey Shore D-Bags : RHP John Hall
Batting: LHB Jason Lambert 0-0: Ball
1-0: Ball
2-0: Called Strike
2-1: Swinging Strike
2-2: Strikes out looking
Batting: LHB Marcos Cantú 0-0: Called Strike
0-1: Foul Ball, location: 2F
0-2: Ball
1-2: Foul Ball, location: 2F
1-2: Ball
2-2: Ground out U3 (Groundball, 3)
Batting: RHB Bill Little 0-0: SINGLE (Groundball, 6D)
Batting: LHB Dave Gray 0-0: Foul Ball, location: 2F
0-1: Foul Ball, location: 2F
0-2: Fly out, F7 (Flyball, 7LM)
Bottom of the 6th over - 0 run(s), 1 hit(s), 0 error(s), 1 left on base; Jersey Shore 2 - St Charles 2
TOP OF THE 7TH
Jersey Shore D-Bags batting - Pitching for St Charles Sheens : LHP Shan Liu
Batting: LHB Mike Bryant 0-0: Called Strike
0-1: Foul Ball, location: 2F
0-2: Ball
1-2: Foul Ball, location: 2F
1-2: Strikes out swinging
Batting: RHB Pedro Rodríguez 0-0: Foul Ball, location: 2F
0-1: Called Strike
0-2: Ball
1-2: Strikes out swinging
Batting: RHB Wilson Martínez 0-0: Swinging Strike
0-1: Ball
1-1: Foul Ball, location: 2F
1-2: Ground out 6-3 (Groundball, 6)
Top of the 7th over - 0 run(s), 0 hit(s), 0 error(s), 0 left on base; Jersey Shore 2 - St Charles 2
BOTTOM OF THE 7TH
St Charles Sheens batting - Pitching for Jersey Shore D-Bags : RHP John Hall
Pitching: RHP Joe Cameron
Batting: LHB Stan Bates 0-0: Called Strike
0-1: Foul Ball, location: 2F
0-2: Ball
1-2: Ground out U3 (Groundball, 3)
Pinch Hitting: LHB Gene Cooper 0-0: Ball
1-0: DOUBLE (Flyball, 9LM)
Pinch Hitting: LHB Jeff Carter 0-0: Intentional Walk
Pinch Hitting: LHB Larry Howard 0-0: Ball
1-0: Grounds into double play, 4-6-3 (Groundball, 4)
Bottom of the 7th over - 0 run(s), 1 hit(s), 0 error(s), 1 left on base; Jersey Shore 2 - St Charles 2
TOP OF THE 8TH
Jersey Shore D-Bags batting - Pitching for St Charles Sheens : LHP Shan Liu
Now at 2B: Gene Cooper
Now in LF: Bob Ware
Now in CF: Guo-xiu Choi
Batting: RHB Owen Carter 0-0: SINGLE (Groundball, 56D)
Pinch Hitting: LHB Robert Phillips 0-0: Ball
1-0: Sac Bunt - play at first, batter OUT! 1-4
Owen Carter to second
Pinch Hitting: RHB Lawrence Yates 0-0: Called Strike
0-1: Called Strike
0-2: Strikes out swinging
Pitching: RHP Paco Canpos
Batting: LHB Dave Dodd 0-0: Called Strike
0-1: Foul Ball, location: 2F
0-2: Foul Ball, location: 2F
0-2: Ball
1-2: SINGLE (Groundball, 23) (infield hit)
Owen Carter to third
Pinch Hitting: LHB Pat Zimmerman 0-0: Ball
1-0: Swinging Strike
1-1: Hit by Pitch
Dave Dodd to second
Pinch Hitting: RHB Luis Ríos 0-0: Fly out, F9 (Flyball, 9M)
Top of the 8th over - 0 run(s), 2 hit(s), 0 error(s), 3 left on base; Jersey Shore 2 - St Charles 2
BOTTOM OF THE 8TH
St Charles Sheens batting - Pitching for Jersey Shore D-Bags : RHP Joe Cameron
Now at 2B: John Moore
Now at 3B: Luis Ríos
Now in CF: Lawrence Yates
Pinch Hitting: LHB Juan Jose Rojas 0-0: Ball
1-0: Ball
2-0: Foul Ball, location: 2F
2-1: Ball
3-1: SINGLE (Flyball, 89S)
Pinch Runner at 1st Jesús Hernández:
Pinch Hitting: RHB Judson Backstrom 0-0: Foul Ball, location: 2F
0-1: Swinging Strike
0-2: Ball
1-2: Fly out, F8 (Flyball, 89S)
Batting: RHB Max Rash 0-0: Ball
1-0: Swinging Strike
1-1: Foul Ball, location: 2F
1-2: Ball
2-2: Fly out, F6 (Line Drive, 6S)
Batting: RHB Bill Little 0-0: Swinging Strike
0-1: Ball
1-1: Foul Ball, location: 2F
1-2: Foul Ball, location: 2F
1-2: Ball
2-2: SINGLE (Flyball, 9LS)
Jesús Hernández to second
Runner from 2nd tries for 3rd, SAFE, throw made to third
Pinch Hitting: RHB Júlio Figueroa 0-0: Ball
1-0: Ball
2-0: Foul Ball, location: 2F
2-1: Called Strike
2-2: Ball
3-2: SINGLE (Groundball, 4MD)
Jesús Hernández scores
Bill Little to second
Bill Little to third
Pitching: RHP Johnathan Phillips
Pinch Hitting: RHB Alfredo Hernández 0-0: Called Strike
0-1: Fly out, F4 (Popup, 4MD)
Bottom of the 8th over - 1 run(s), 3 hit(s), 0 error(s), 2 left on base; Jersey Shore 2 - St Charles 3
TOP OF THE 9TH
Jersey Shore D-Bags batting - Pitching for St Charles Sheens : RHP Paco Canpos
Pitching: RHP Juan Rivera
Now at 1B: Judson Backstrom
Now at 3B: Alfredo Hernández
Now at SS: Richard Bowman
Now in LF: Jesús Hernández
Batting: LHB Mike Bryant 0-0: Called Strike
0-1: Foul Ball, location: 2F
0-2: Foul Ball, location: 2F
0-2: Ball
1-2: Ball
2-2: Fly out, F8 (Flyball, 8RXD)
Batting: RHB Pedro Rodríguez 0-0: Called Strike
0-1: Foul Ball, location: 2F
0-2: Ball
1-2: Ball
2-2: Strikes out swinging
Batting: RHB Wilson Martínez 0-0: Ground out U3 (Groundball, 3)
Top of the 9th over - 0 run(s), 0 hit(s), 0 error(s), 0 left on base; Jersey Shore 2 - St Charles 3
Monday, December 5th, 2016 - OOTP Baseball 17.12 Build 75